 Dungeon Crawl Stone Soup version 0.30-a0-726-gd89dcf765f (webtiles) character file.

Game seed: 9263857056725316984

10087 omnomnOMINOUS the Fighter (level 11, -4/78 HPs)
             Began as an Octopode Wanderer on Jan 29, 2023.
             Was a Believer of the Shining One.
             Slain by a flying skull (6 damage)
             ... summoned by a boggart
             ... in a Gauntlet.
             The game lasted 00:38:00 (15215 turns).

omnomnOMINOUS the Fighter (Octopode Wanderer)      Turns: 15215, Time: 00:38:01

Health: -4/78      AC:  2    Str: 12    XL:     11   Next: 56%
Magic:  20/20      EV:  9    Int: 23    God:    the Shining One [**....]
Gold:   311        SH:  0    Dex: 13    Spells: 1/22 levels left

rFire   . . .      SeeInvis +    b - +3 spear
rCold   + . .      Faith    .    (no shield)
rNeg    + + .      Spirit   .    E - +1 hat
rPois   .          Reflect  .    (no amulet)
rElec   .          Harm     .    C - ring of positive energy
rCorr   .          Rampage  .    D - +6 ring of intelligence
Will    .....      NoTele   +    F - ring of protection from cold
Stlth   +                        P - ring of see invisible
HPRegen 0.33/turn                (no ring)
MPRegen 0.17/turn                (no ring)
                                 (no ring)
                                 (no ring)

@: confused, petrifying, ambrosia-drunk, on berserk cooldown, slowed, glowing,
very slow
A: almost no armour, amphibious, 8 rings, camouflage 1, gelatinous body 1,
(nimble swimmer 1), tentacles
a: Renounce Religion, Divine Shield


You were in a Gauntlet.
You worshipped the Shining One.
The Shining One was pleased with you.
You visited 3 branches of the dungeon, and saw 13 of its levels.
You also visited: Sewer and Gauntlet.

You collected 683 gold pieces.
You spent 372 gold pieces at shops.

Inventory:

Hand Weapons
 b - a +3 spear (weapon)
 c - a +3 hand axe of electrocution
Missiles
 t - a throwing net
 u - 2 curare-tipped darts
 G - 13 poisoned darts
Armour
 E - a +1 hat (worn)
 M - an orb of light
Magical Staves
 a - a staff of earth
 p - a staff of air
Jewellery
 C - a ring of positive energy (left tentacle)
 D - a +6 ring of intelligence (right tentacle)
 F - a ring of protection from cold (on tentacle)
 P - a ring of see invisible (on tentacle)
Wands
 y - a wand of flame (39)
 N - a wand of mindburst (2)
Scrolls
 d - 3 scrolls of fear
 e - a scroll of fog {unknown}
 h - 4 scrolls of teleportation
 m - 4 scrolls of poison
 n - 2 scrolls of butterflies
 o - 4 scrolls of blinking
 r - a scroll of silence
 x - 2 scrolls of enchant weapon
 z - a scroll of immolation
 B - a scroll of enchant armour
 H - 3 scrolls of identify
 I - 2 scrolls of vulnerability
 J - a scroll of amnesia {unknown}
Potions
 i - 4 potions of lignification
 j - 2 potions of curing
 k - 3 potions of haste
 l - a potion of heal wounds
 q - 5 potions of flight
 s - 3 potions of might
 v - 2 potions of attraction
 A - 2 potions of resistance
 O - a potion of brilliance


   Skills:
 + Level 8.3 Fighting
 - Level 1.0 Long Blades
 - Level 6.0 Polearms
 - Level 2.0 Throwing
 + Level 8.2 Dodging
 - Level 2.6 Stealth
 - Level 6.0 Spellcasting
 + Level 7.9 Conjurations
 + Level 7.9 Earth Magic


You had one spell level left.
You knew the following spells:

 Your Spells              Type           Power      Damage    Failure   Level
a - Stone Arrow           Conj/Erth      86%        3d12      1%          3
b - Passwall              Tmut/Erth      20%        N/A       2%          2
c - Swiftness             Air            6%         N/A       26%         3
d - Blink                 Tloc           12%        N/A       13%         2
e - Freezing Cloud        Conj/Ice/Air   9%         6-21      63%         5
f - Iron Shot             Conj/Erth      21%        9d5       45%         6

Your spell library contained the following spells:

 Spells                   Type           Power      Damage    Failure   Level
 Slow                     Hex            24%        N/A       9%          1
 Momentum Strike          Conj/Tloc      50%        3d9       2%          2
 Ensorcelled Hibernation  Hex/Ice        12%        N/A       13%         2
 Lesser Beckoning         Tloc           12%        N/A       13%         2
 Sublimation of Blood     Necr           6%         N/A       13%         2
 Wereblood                Tmut           6%         N/A       13%         2
 Sticky Flame             Conj/Fire      25%        2d5       17%         4
 Confusing Touch          Hex            6%         N/A       26%         3
 Ignite Poison            Fire/Tmut/Pois 6%         N/A       26%         3
 Kindle Blastsparks       Fire/Tloc/Air  12%        2d11      26%         3
 Vampiric Draining        Necr           6%         2d6       26%         3
 Blade Hands              Tmut           3%         N/A       93%         5
 Summon Hydra             Summ           3%         N/A       100%        7
 Ignition                 Fire           3%         3d4       100%        8
 Lehudib's Crystal Spear  Conj/Erth      21%        10d6      100%        8
 Animate Armour           Summ/Erth      Unusable   N/A       N/A         4

Dungeon Overview and Level Annotations

Branches:
Dungeon (10/15)            Temple (1/1) D:6            Lair (2/5) D:8
  Sewer (visited)         Gauntlet (1/1)
  Swamp: Lair:2-3    Shoals: Lair:2-3     Snake: Lair:2-3    Spider: Lair:2-3
    Orc: D:9-12

Altars:
Ashenzari
Cheibriados
Dithmenos
Elyvilon
Fedhas
Gozag
Hepliaklqana
Kikubaaqudgha
Makhleb
Nemelex Xobeh
Okawaru
Qazlal
Ru
Sif Muna
Trog
Uskayaw
Vehumet
Wu Jian
Xom
Yredelemnul
Zin
The Shining One

Shops:
D:5 (   D:10 [

Annotations:
Lair:1 exclusion: 2 death yaks Gauntlet 17 transporters, exclusion: oklob plant


Innate Abilities, Weirdness & Mutations

You cannot wear most types of armour.
You are amphibious.
You can wear up to eight rings at the same time.
Your skin changes colour to match your surroundings (Stealth+).
Your rubbery body absorbs attacks. (AC +1, EV +1)
((You are camouflaged when in or above water. (Stealth+)))
You have tentacles for arms and can constrict up to eight enemies at once.


Message History

The crimson imp is moving more slowly.
The crimson imp hits you.
* * * LOW HITPOINT WARNING * * *
You bump into the stone wall.
You are engulfed in calcifying dust.
You are slowing down.
The flying skull hits you!
* * * LOW HITPOINT WARNING * * *
The golden eye blinks at you.
You are more confused.
The boggart hits you.
The golden eye blinks!
The golden eye blinks at you. You resist with almost no effort.
The crimson imp is engulfed in calcifying dust.
The crimson imp stops moving altogether!
The flying skull hits you!
* * * LOW HITPOINT WARNING * * *
The golden eye blinks at you.
The golden eye blinks!
The boggart hits you. The golden eye blinks at you. x2
You resist with some effort. The flying skull hits you.
* * * LOW HITPOINT WARNING * * *
The crimson imp is engulfed in calcifying dust.
Unknown command.
You are too confused!
You feel invigorated.
You are engulfed in calcifying dust.
The golden eye blinks!
The flying skull hits you.
* * * LOW HITPOINT WARNING * * *
The golden eye blinks!
The boggart hits you but does no damage.
The catoblepas gores you!! The Shining One protects you from harm!
The boggart gestures wildly while chanting.
The flying skull closely misses you. The boggart hits you.
* * * LOW HITPOINT WARNING * * *
The crimson imp is engulfed in calcifying dust.
The catoblepas gores you!
* * * LOW HITPOINT WARNING * * *
The golden eye blinks at you.
You are more confused.
The flying skull hits you!
You die...

# ### ### #≈∩≈# ### ### ### ### #
#8# #8# #...# #8# #8# #8# #8#
############.∩.##################
................................≈
.............©...................
#######.###########.###########..
.....3#.#.g#...zzg#.#.........#..
....#5#.#...#.Gz5Y#.#D##...##.#..
#.##..#.#...#.gg@##.#D.##.##..#..
#.##..#.#....#§##G#.#...#.#...###
.©5#..#.#...###..§#.#....©#.P©#©#
#.##..#.#.##.#G...#.#...#.#..?#.#
# ##..#.##....#...#.#..##.##.?#.#
....#.#.#.....#.§.#.#.## ##.#.#
......#.#....©!#.G#.#... ....#.#
######################## #####.#
≈≈#©.........©.........©# ≈8§≈#.#


You could see a catoblepas (summoned), an acid dragon, 3 flying skulls, 3
boggarts, a crimson imp (summoned, petrified) and 3 golden eyes.

Vanquished Creatures
  Erica (D:9)
  A boulder beetle (Lair:2)
  A two-headed ogre (D:8)
  Pikel (D:7)
  A worldbinder (Gauntlet)
  A torpor snail (Lair:1)
  2 cane toads
  3 komodo dragons (Lair:1)
  A troll (D:8)
  9 yaks (Lair:1)
  A wyvern (D:8)
  2 steam dragons
  5 water moccasins
  2 orc warriors
  A black bear (D:4)
  3 ice beasts
  2 centaurs
  2 ogres
  3 wolves
  9 bullfrogs
  A necrophage (D:6)
  8 killer bees
  3 electric eels
  7 hounds
  6 orc priests
  2 iguanas
  3 jellies
  10 orc wizards
  11 gnolls (D:2)
  14 adders
  3 river rats (Sewer)
  2 white imps
  An ufetubus (D:6)
  7 worms
  A dart slug (D:2)
  26 orcs
  16 ball pythons
  8 endoplasms
  7 giant cockroaches
  10 goblins
  5 hobgoblins
  13 jackals
  7 quokkas
  14 bats
  2 frilled lizards (Sewer)
  8 kobolds
  2 rats
248 creatures vanquished.

Vanquished Creatures (others)
  A fungus (Lair:1)
  7 plants
  19 withered plants (Gauntlet)
27 creatures vanquished.

Grand Total: 275 creatures vanquished

Notes
Turn   | Place    | Note
-------+----------+-------------------------------------------
     0 | D:1      | omnomnOMINOUS the Octopode Wanderer began the quest for the
                  | Orb.
     0 | D:1      | omnomnOMINOUS set off with the following items: a +2 spear,
                  | a +0 falchion, a +0 hat, a scroll of fear.
     0 | D:1      | Reached XP level 1. HP: 11/11 MP: 1/1
   392 | D:1      | Reached XP level 2. HP: 18/18 MP: 2/2
   682 | D:2      | Identified the +6 whip of the Inferno {heavy, Int+4}
   764 | D:2      | Reached skill level 1 in Fighting
   764 | D:2      | Reached skill level 1 in Dodging
   764 | D:2      | Reached skill level 1 in Spellcasting
   764 | D:2      | Reached XP level 3. HP: 15/23 MP: 4/4
   849 | D:2      | Reached XP level 4. HP: 11/28 MP: 4/6
   939 | D:2      | Learned a level 3 spell: Stone Arrow
  1215 | D:2      | Reached XP level 5. HP: 34/34 MP: 7/7
  1418 | D:2      | Reached skill level 1 in Earth Magic
  1848 | D:2      | Reached skill level 1 in Conjurations
  2279 | D:3      | Found a glowing drain.
  2324 | Sewer    | Entered a sewer
  2330 | Sewer    | Reached XP level 6. HP: 39/39 MP: 9/9
  3250 | D:3      | Learned a level 2 spell: Passwall
  3254 | D:3      | Learned a level 3 spell: Swiftness
  3777 | D:4      | Found a stormy altar of Qazlal.
  3795 | D:4      | Reached XP level 7. HP: 32/45 MP: 10/10
  4595 | D:5      | Entered Level 5 of the Dungeon
  4820 | D:5      | Found an iron altar of Okawaru.
  5105 | D:5      | Found Engoen's Antique Weapon Shoppe.
  5147 | D:5      | Reached XP level 8. HP: 52/52 MP: 9/12
  5805 | D:6      | Found a staircase to the Ecumenical Temple.
  5814 | Temple   | Entered the Ecumenical Temple
  5975 | Temple   | Became a worshipper of the Shining One
  6166 | D:6      | Learned a level 2 spell: Blink
  7659 | D:7      | Noticed Pikel
  7679 | D:7      | Killed Pikel
  7680 | D:7      | Reached skill level 5 in Dodging
  7680 | D:7      | Reached XP level 9. HP: 38/60 MP: 11/15
  7883 | D:7      | You fall into a shaft and drop 3 floors!
  7883 | D:10     | Entered Level 10 of the Dungeon
  7969 | D:10     | Found Uhawuh's Antique Armour Shoppe.
  8100 | D:10     | Bought a shiny orb for 372 gold pieces
  8173 | D:9      | Noticed Erica
  8180 | D:9      | Killed Erica
  8181 | D:9      | Reached skill level 5 in Fighting
  8181 | D:9      | Reached skill level 5 in Spellcasting
  8181 | D:9      | Reached skill level 5 in Conjurations
  8181 | D:9      | Reached skill level 5 in Earth Magic
  8868 | D:10     | Noticed a troll
  9208 | D:7      | Reached XP level 10. HP: 45/68 MP: 11/18
  9685 | D:8      | Noticed a two-headed ogre
  9847 | D:8      | Reached * piety under the Shining One
  9929 | D:7      | Learned a level 5 spell: Freezing Cloud
  9929 | D:7      | Upgraded the game from 0.30-a0-723-gc1506a1cf0 to
                  | 0.30-a0-726-gd89dcf765f
 11635 | D:8      | Killed a two-headed ogre
 11681 | D:8      | Learned a level 6 spell: Iron Shot
 11867 | D:8      | Found a staircase to the Lair.
 12418 | Lair:1   | Entered Level 1 of the Lair of Beasts
 12542 | Lair:1   | Noticed a torpor snail
 12543 | Lair:1   | Noticed a death yak
 12560 | Lair:1   | Killed a torpor snail
 13000 | Lair:1   | Reached XP level 11. HP: 47/75 MP: 5/20
 13970 | Lair:1   | Noticed a death yak
 14271 | Lair:2   | Noticed a boulder beetle
 14285 | Lair:2   | Killed a boulder beetle
 14345 | Lair:2   | Found a gate leading to a gauntlet.
 14382 | Gauntlet | Entered a Gauntlet
 14382 | Gauntlet | Found a transporter.
 14387 | Gauntlet | Noticed a worldbinder
 14412 | Gauntlet | Reached ** piety under the Shining One
 14551 | Gauntlet | Found a transporter.
 14552 | Gauntlet | Noticed an oklob plant
 14560 | Gauntlet | Found a transporter.
 14565 | Gauntlet | Found a transporter.
 14565 | Gauntlet | Noticed a great orb of eyes
 14565 | Gauntlet | Noticed a red ugly thing
 14572 | Gauntlet | Noticed a green ugly thing
 14580 | Gauntlet | Found a transporter.
 14599 | Gauntlet | Found a transporter.
 14603 | Gauntlet | Noticed a green death
 14611 | Gauntlet | Found a transporter.
 14612 | Gauntlet | Noticed a reaper
 14619 | Gauntlet | Noticed a green ugly thing
 14623 | Gauntlet | Found a transporter.
 14632 | Gauntlet | Found a transporter.
 14635 | Gauntlet | Noticed a glowing orange brain
 14637 | Gauntlet | Noticed a glowing orange brain
 14644 | Gauntlet | Noticed a sixfirhy
 14645 | Gauntlet | Noticed a sixfirhy
 14647 | Gauntlet | Found a transporter.
 14648 | Gauntlet | Noticed a sixfirhy
 14648 | Gauntlet | Noticed a sixfirhy
 14664 | Gauntlet | Found a transporter.
 14682 | Gauntlet | Found a transporter.
 14684 | Gauntlet | Found a transporter.
 14712 | Gauntlet | Found a transporter.
 14712 | Gauntlet | Found a transporter.
 14732 | Gauntlet | Found a transporter.
 14810 | Gauntlet | Found a transporter.
 14830 | Gauntlet | Found a transporter.
 15182 | Gauntlet | Noticed a skeletal warrior
 15182 | Gauntlet | Killed a worldbinder
 15206 | Gauntlet | Noticed a fire crab
 15212 | Gauntlet | Noticed a catoblepas
 15215 | Gauntlet | The Shining One protects you from harm!
 15215 | Gauntlet | HP: 2/78 [catoblepas[a boggart] (8)]
 15215 | Gauntlet | Slain by a flying skull

Illustrated notes

Levels and vault maps discovered:
D:1:      dpeg_arrival_water_temple_mockup, layout_loops_ring
D:2:      layout_basic, minmay_quadrilaterals
D:3:      layout_loops_ring, cheibrodos_sewer_entry_sluice, grunt_ministairs_14,
          corexii_hall_statues_s, corexii_leaking_fountain
D:4:      layout_basic, mainiacjoe_overflow_brackets
D:5:      layout_basic, mainiacjoe_overflow_concentric_impassable, serial_shops,
          kennysheep_little_box, nrook_mini_backslash
D:6:      layout_basic, minmay_temple_entry_stoned_glass,
          hangedman_decor_riveting
D:7:      layout_basic, chequers_serial_rivers_micro_a, uniq_pikel
D:8:      layout_cave_pools, erik_lair_island
D:9:      layout_rooms, uniq_erica
D:10:     layout_loops_corners, nicolae_benzene_ring,
          nicolae_inconvenience_store, minmay_misc_feat_x
Temple:   nicolae_temple_bog_church
Lair:1:   layout_cave_pods, hibernation_bobbens
Lair:2:   layout_cave_pods, gauntlet_entry_generic, st_stairs_10,
          infiniplex_staircase_pool, grunt_megastairs_5, serial_bayou_shore_a
Gauntlet: gammafunk_gauntlet_one_two_three [nicolae_gauntlet_swirl,
          nicolae_gauntlet_arena_blocks, gammafunk_gauntlet_arena_split_x,
          gammafunk_gauntlet_arena_grid, gammafunk_gauntlet_arena_spirals,
          gammafunk_gauntlet_arena_split_diamond,
          gammafunk_gauntlet_arena_hedges, gammafunk_gauntlet_arena_chambers,
          nicolae_gauntlet_arena_flowing_pool, gauntlet_exit_green]

Skill      XL: |  1  2  3  4  5  6  7  8  9 10 11 |
---------------+----------------------------------+-----
Fighting       | 1 2 3 4 5 7 8 |  8.3
Dodging        | 1 2 3 5 6 7 8 |  8.2
Spellcasting   | 1 2 3 4 5 6 |  6.0
Earth Magic    | 1 2 4 5 7 |  7.9
Conjurations   | 1 2 3 4 5 7 |  7.9
Polearms       | 6 |  6.0
Long Blades    | |  1.0
Throwing       | |  2.0
Stealth        | |  2.6

Action                     |  1- 3 |  4- 6 |  7- 9 | 10-12 || total
---------------------------+-------+-------+-------+-------++-------
  Melee: Spear             |    57 |   272 |   120 |   114 ||   563
         Constrict         |     8 |    55 |    28 |    27 ||   118
         Tentacles         |     6 |    42 |    25 |    31 ||   104
         Unarmed           |     7 |       |       |     4 ||    11
         Punch             |       |     3 |     3 |     5 ||    11
         Hand axe          |       |       |       |     6 ||     6
         Staff             |       |       |       |     3 ||     3
  Throw: Dart              |       |       |     1 |     1 ||     2
   Cast: Stone Arrow       |       |       |    43 |   104 ||   147
  Evoke: Wand              |       |       |     5 |    17 ||    22
    Use: Potion            |     1 |       |       |    15 ||    16
         Scroll            |       |       |    15 |     5 ||    20
   Stab: Sleeping          |     4 |    26 |     6 |       ||    36
         Distracted        |       |     1 |       |       ||     1
 Armour: Skin              |     5 |    15 |     1 |    12 ||    33
  Dodge: Dodged            |    14 |   108 |    59 |   146 ||   327

Table legend: (Time is in decaauts)
 A = Elapsed time spent in this place.
 B = Non-inter-level travel time spent in this place.
 C = Inter-level travel time spent in this place.
 D = Time resting spent in this place.
 E = Time spent auto-exploring this place.
 F = Levels seen in this place.
 G = Mean time per level.
                   A        B        C        D        E       F      G
               +--------+--------+--------+--------+--------+-----+--------+
         Total |  15119 |  14270 |    849 |   3953 |   8041 |  15 | 1007.9 |
       Dungeon |  11481 |  10686 |    795 |   2802 |   6504 |  10 | 1148.1 |
        Temple |    182 |    164 |     18 |      0 |    112 |   1 |  182.0 |
          Lair |   1959 |   1923 |     36 |    775 |    840 |   2 |  979.5 |
         Sewer |    669 |    669 |      0 |    223 |    295 |   1 |  669.0 |
      Gauntlet |    827 |    827 |      0 |    153 |    290 |   1 |  827.0 |
               +--------+--------+--------+--------+--------+-----+--------+

Top non-repeatable levels by time:
     D:7: 2680 daAuts
  Lair:1: 1843 daAuts
     D:2: 1513 daAuts
     D:6: 1372 daAuts
     D:5: 1199 daAuts
     D:8: 1116 daAuts
    D:10: 1009 daAuts
     D:4: 1009 daAuts
Gauntlet: 827 daAuts
     D:3: 744 daAuts
   Sewer: 669 daAuts
     D:1: 595 daAuts
     D:9: 240 daAuts
  Temple: 182 daAuts
  Lair:2: 115 daAuts
